 Dungeon Crawl Stone Soup version 0.16.1-4-g8e1b745 (webtiles) character file.

293452 Zapata the Executioner (level 20, -6/173 HPs)
             Began as a Minotaur Berserker on Mar 27, 2015.
             Was the Champion of Trog.
             Killed from afar by a raiju (24 damage)
             ... with a living lightning
             ... summoned by a shadow demon
             ... on level 5 of the Abyss.
             The game lasted 02:04:14 (46094 turns).

Zapata the Executioner (Minotaur Berserker)        Turns: 46094, Time: 02:04:15

Health: -6/173     AC: 44    Str: 23      XL:     20   Next: 35%
Magic:  7/7        EV: 14    Int: -5 (4)  God:    Trog [******]
Gold:   1618       SH:  0    Dex: 15 (16) Spells: 0 memorised, 19 levels left

rFire  + . .     SeeInvis +     a - +9 executioner's axe (elec)
rCold  + . .     Rnd*Rage +     e - +6 crystal plate armour
rNeg   + + .     SustAb   .     (no shield)
rPois  .         Gourm    .     p - +2 hat {SInv}
rElec  .         Spirit   .     j - +1 cloak {rC+}
rCorr  .         Warding  +     t - +1 pair of gloves
rMut   .         Stasis   .     I - +2 pair of boots
MR     ++...                    c - macabre finger necklace {Ward rN+}
Stlth  ..........               s - ring of Propriety {+cTele rN+ MR+ Str+4}
                                l - ring of protection from fire
                                Z - +3 ring of evasion

@: lethally poisoned (-6 -> -27), exhausted, weakened, non-regenerating, mildly
diseased, slowed, lost intelligence, very slow, very resistant to hostile
enchantments, extremely unstealthy
A: retaliatory headbutt, horns 2, berserk 1, clumsy 1, deterioration 2, frail 1,
screaming 1, slow healing 1, weak 2, forlorn
a: Burn Spellbooks, Berserk, Trog's Hand, Brothers in Arms, Renounce Religion,
Evoke Teleport Control
}: 1/15 runes: serpentine


You were on level 5 of the Abyss.
You worshipped Trog.
Trog was exalted by your worship.
You were near starving.

You visited 6 branches of the dungeon, and saw 37 of its levels.
You visited the Abyss 1 time.
You also visited: Labyrinth, Ossuary, Ice Cave and Wizlab.

You collected 4431 gold pieces.
You spent 2813 gold pieces at shops.

Inventory:

Hand weapons
 a - a +9 executioner's axe of electrocution (weapon)
 b - the +4 arbalest of Dissolution {elec, +Inv rElec rC+}
   (Trog gifted it to you in an ice cave)

   It charges the ammunition it shoots with electricity; occasionally upon a
   hit, such missiles may discharge and cause terrible harm.
   It protects you from cold.
   It insulates you from electricity.
   It lets you turn invisible.
 T - the +8 mace "Toemuiga" {pain, +Blink rElec, unknown}
   (You found it on level 1 of the Abyss)

   In the hands of one skilled in necromantic magic, it inflicts extra damage on
   living creatures.
   It insulates you from electricity.
   It lets you blink.
Missiles
 i - 90 steel bolts
 A - 400 bolts
 C - 20 poisoned bolts
 U - 31 bolts of penetration
 Y - 11 silver bolts
Armour
 e - a +6 crystal plate armour (worn)
 j - a +1 cloak of cold resistance (worn)
 p - a +2 hat of see invisible (worn)
 t - a +1 pair of gloves (worn)
 I - a +2 pair of boots (worn)
 X - the +3 ring mail of Aneng {Dex+2, unknown}
   (You found it on level 1 of the Abyss)

   It affects your dexterity (+2).
Jewellery
 c - the macabre finger necklace (around neck) {Ward rN+}
   (You found it in a labyrinth)

   [amulet of warding]

   It may prevent the melee attacks of summoned creatures.
   It protects you from negative energy.
 g - an uncursed ring of poison resistance
 l - a ring of protection from fire (left hand)
 s - the ring of Propriety (right hand) {+cTele rN+ MR+ Str+4}
   (You bought it in a shop on level 4 of the Orcish Mines)

   [ring of teleport control]

   It can be evoked for teleport control.
   It affects your strength (+4).
   It protects you from negative energy.
   It affects your resistance to hostile enchantments.
 H - an uncursed ring of protection from cold
 L - an uncursed ring of protection from fire
 O - a +5 ring of protection
 V - an uncursed ring of protection from cold
 Z - a +3 ring of evasion (on amulet)
Magical devices
 o - a wand of digging (5)
 J - a wand of hasting (0)
Scrolls
 k - a scroll of holy word
 m - 8 scrolls of recharging
 v - 2 scrolls of immolation
 w - 7 scrolls of teleportation
 x - 2 scrolls of enchant weapon
 y - a scroll of torment
 B - 4 scrolls of fear
 D - a scroll of blinking
 E - 4 scrolls of magic mapping
 F - a scroll of amnesia {unknown}
 G - 16 scrolls of remove curse
Potions
 d - 3 potions of cancellation
 f - 2 potions of flight
 h - 4 potions of restore abilities
 n - 9 potions of curing
 r - 10 potions of agility
 z - a potion of cure mutation
 K - 5 potions of berserk rage
 M - 3 potions of haste
 P - 4 potions of invisibility
 Q - 3 potions of might
 S - 3 potions of resistance {unknown}
Comestibles
 q - 5 slices of pizza
 u - 7 bread rations
 N - 50 fruits
 W - 4 beef jerkies


   Skills:
 + Level 19.8 Fighting
 - Level 25.5(26.1) Axes
 - Level 11.2(20.0) Maces & Flails
 - Level 8.0 Crossbows
 + Level 19.6 Armour
 - Level 11.9 Dodging


You had 19 spell levels left.
You didn't know any spells.

Dungeon Overview and Level Annotations

Branches:
Dungeon (15/15)            Temple (0/1) D:7            Lair (8/8) D:9
 Shoals (0/5) Lair:5        Snake (5/5) Lair:5        Slime (0/6) Lair:7
    Orc (4/4) D:10            Elf (3/3) Orc:4        Vaults (2/5) D:14
 Depths (0/5) D:15
  Crypt: Vaults:2-3

Altars:
Cheibriados
Dithmenos
Elyvilon
Gozag
Kikubaaqudgha
Makhleb
Okawaru
Qazlal
Ru
Sif Muna
Trog
Xom
Zin
The Shining One
Beogh

Shops:
D:4 *   D:9 [   D:12 *   Orc:4 =%*=   Elf:1 (   Snake:1 *   Vaults:1 *
Vaults:2 [


Innate Abilities, Weirdness & Mutations

You reflexively headbutt those who attack you in melee.
You have a pair of horns on your head.
You tend to lose your temper in combat.
You occasionally shout uncontrollably at your foes.
[You are clumsy. (Dex -2)]
[Your body is deteriorating.]
[You are frail (-10% HP).]
[You heal slowly when monsters are visible.]
[You are very weak. (Str -4)]
[You have difficulty communicating with the divine.]


Message History

Your blink will be uncontrolled - continue anyway?
You blink.
As you read the scroll of blinking, it crumbles to dust.
You feel very sick. The starcursed mass engulfs you.
* * * LOW HITPOINT WARNING * * *
The orange demon stings you but does no damage.
The starcursed mass misses you. You furiously retaliate!
You headbutt the starcursed mass.
The starcursed mass shudders and is absorbed by its neighbour.
A deafening chorus of shrieks assaults your mind!
* * * LOW HITPOINT WARNING * * *
The raiju bursts into living lightning!
The living lightning hits the raiju.
The raiju completely resists.
The living lightning misses you.
The living lightning hits the spatial vortex.
The spatial vortex resists.
The living lightning hits the spatial vortex.
The spatial vortex resists.
The living lightning hits you!
You die...

_#........ .
.......#
#####..#.).#
#...#..##§##
#......#...##
# .....#v...#
# ##..#...#
?#.v....#
#.hh.@v# #.
.#24#...# . #
##÷34XX.v..#
#..
X53X.Xv.#.#
#....X3XX..vv#
# ..#v..v#v.'
#####...#..###
##...#'#
...#..


You could see 7 starcursed masses, a tentacled starspawn, a spatial maelstrom, a
shadow demon, 9 spatial vortices, an orange demon, 2 smoke demons, a blue devil,
2 raiju, a neqoxec and a quasit.

Vanquished Creatures
  Boris (Vaults:2)
  Frederick (Vaults:2)
  2 liches (Abyss:5)
  A sphinx (Abyss:5)
  An Executioner (Abyss:5)
  Rupert (Lair:6)
  3 thorn hunters (WizLab)
  Kirke (Snake:2)
  Frances (D:14)
  4 tentacled starspawn
  An orc warlord (Orc:4)
  Donald (Vaults:1)
  18 greater nagas
  Maud (Elf:1)
  Aizul (Snake:2)
  Louise (Snake:3)
  3 vault wardens (Vaults:1)
  A cacodemon (Abyss:5)
  Gastronok (Orc:4)
  7 ogre magi
  5 rakshasas
  An ironheart preserver (Vaults:1)
  Azrael (D:15)
  2 blizzard demons (IceCv)
  A deep elf death mage (Elf:1)
  An eidolon (Abyss:1)
  Snorg (Lair:4)
  2 vault guards (Vaults:1)
  A minotaur (Lab)
  Josephine (D:15)
  2 great orbs of eyes
  2 yaktaur captains (Vaults:1)
  Fannar (D:11)
  The ghost of Shiggs the Cleaver, a powerful GrFi of Okawaru (D:12)
  Harold (D:14)
  32 naga warriors
  Nessos (Orc:3)
  7 hydras
  2 catoblepae
  Erica (Lair:5)
  A ghost crab (shapeshifter) (Elf:1)
  8 centaur warriors
  A tengu warrior (D:14)
  13 dancing weapons (Elf:2)
  13 anacondas
  The ghost of Zapata the Bludgeoner, a powerful KoBe of Trog (D:10)
  4 thrashing horrors
  4 hell hogs (Abyss:1)
  3 satyrs (WizLab)
  Urug (D:14)
  7 orc high priests (Orc:4)
  6 shock serpents
  Nergalle (Orc:3)
  25 naga sharpshooters
  13 deep elf knights
  8 wretched stars
  2 sun demons
  5 skeletal warriors
  5 ice devils (IceCv)
  An iron troll (shapeshifter) (Elf:1)
  2 salamander mystics
  A fire crab (Vaults:1)
  A fire crab (shapeshifter) (Vaults:2)
  A giant orange brain (Abyss:1)
  4 unseen horrors
  5 deep elf summoners
  9 hill giants
  5 naga ritualists
  An ice statue (IceCv)
  3 ugly things
  A hornet (Vaults:1)
  2 necromancers (Elf:1)
  3 fauns (WizLab)
  3 oklob plants
  A wizard (D:15)
  11 deep elf conjurers
  9 orc knights
  9 orc sorcerers
  5 ironbrand convokers (Vaults:1)
  7 cyclopes
  2 griffons
  9 mana vipers
  A phantasmal warrior (Abyss:5)
  9 salamanders
  2 sixfirhies
  2 apocalypse crabs
  21 elephants
  2 sirens (Lair:5)
  3 smoke demons
  An orange demon (Abyss:4)
  A vault sentinel (Vaults:1)
  12 guardian serpents
  24 naga magi
  A torpor snail (Lair:8)
  39 spiny frogs
  28 black mambas
  Psyche (D:12)
  A rust devil (Orc:4)
  A kobold demonologist (Vaults:1)
  2 gargoyles
  2 ancient zymes
  5 anaconda simulacra (IceCv)
  3 efreet
  4 hellwings
  12 komodo dragons
  A silent spectre (Abyss:4)
  3 demonic crawlers
  2 fire drakes
  A troll (shapeshifter) (Vaults:1)
  6 deep elf priests
  6 yaktaurs (Vaults:1)
  6 trolls
  13 two-headed ogres
  Sonja (D:10)
  6 freezing wraiths
  9 wandering mushrooms (WizLab)
  A baby alligator (shapeshifter) (Elf:1)
  A fire drake (shapeshifter) (Vaults:1)
  A polar bear (Lair:4)
  13 blink frogs
  2 blue devils (IceCv)
  A raiju (Abyss:5)
  3 ravens (D:14)
  17 slime creatures
  2 boulder beetles
  The ghost of Anothat the Cudgeler, an average GrFi (D:4)
  A basilisk (D:14)
  A trapdoor spider (D:15)
  A ynoxinul (Abyss:3)
  A trapdoor spider (shapeshifter) (Vaults:1)
  A yak (shapeshifter) (Vaults:1)
  A dire elephant simulacrum (IceCv)
  11 deep elf magi
  5 redbacks (Elf:1)
  7 wraiths
  A wyvern (shapeshifter) (Vaults:1)
  20 deep elf fighters
  2 wyverns
  3 fire elementals (D:15)
  38 yaks
  A tarantella (Elf:1)
  2 chaos spawn
  5 hogs (Snake:2)
  16 humans (D:14)
  2 steam dragons
  6 neqoxecs
  2 mottled dragons
  11 vampire mosquitoes
  7 hippogriffs
  4 wolves (Lair:4)
  A soldier ant (shapeshifter) (Vaults:1)
  Edmund (D:4)
  3 harpy simulacra (IceCv)
  108 nagas
  4 iron troll simulacra (IceCv)
  3 wargs (Orc:4)
  18 porcupines
  5 sky beasts
  A phantom (D:12)
  3 hydra simulacra (IceCv)
  59 orc warriors
  28 water moccasins
  2 necrophages
  2 hell hounds (D:15)
  2 ettin simulacra (IceCv)
  8 starcursed masses
  2 black bears (shapeshifter)
  5 boggarts (Vaults:1)
  32 centaurs
  5 large abominations
  3 ice beasts
  3 boring beetles
  14 crocodiles
  38 ogres
  Sigmund (D:3)
  5 big kobolds
  4 elf zombies (Elf:1)
  34 giant frogs
  2 earth elementals (WizLab)
  A wyvern skeleton (D:11)
  2 wyvern zombies
  A warg zombie (Orc:4)
  4 wights (D:13)
  3 scorpions
  8 killer bees
  4 centaur zombies
  7 crimson imps
  3 draconian simulacra (IceCv)
  A goliath beetle (D:10)
  4 electric eels
  3 giant frog skeletons
  16 hounds
  2 quasits
  A giant frog zombie (D:10)
  3 jellies
  17 hell rats
  5 centaur skeletons
  34 orc priests
  33 orc wizards
  An iron imp (Abyss:1)
  2 gnoll shamans
  14 worker ants
  Natasha (thrice) (D:3)
  10 iguanas
  8 spectral orcs (Orc:3)
  4 troll simulacra (IceCv)
  A wolf simulacrum (IceCv)
  A boulder beetle simulacrum (Vaults:1)
  A big kobold zombie (Ossuary)
  13 sheep
  A centaur simulacrum (IceCv)
  3 small abominations
  3 hound skeletons
  10 mummies
  2 worker ant zombies
  7 gnolls
  34 adders
  2 ogre simulacra
  73 river rats
  2 giant mites
  2 naga simulacra (IceCv)
  7 shadow imps
  9 white imps
  10 ufetubi
  2 worms
  An adder skeleton (D:6)
  6 giant geckos
  5 oozes
  292 orcs
  5 ball pythons
  3 bat skeletons
  6 giant cockroaches
  16 hobgoblins
  6 jackals
  21 kobolds
  22 bats
  A giant gecko skeleton (D:6)
  6 giant newts
  2 giant spores
  2 gnoll zombies (Ossuary)
  32 goblins
  2 goblin zombies (Orc:4)
  3 hobgoblin zombies (Ossuary)
  2 kobold zombies (Ossuary)
  A lurking horror (Abyss:4)
  16 quokkas
  25 rats
  5 ballistomycetes
  5 briar patches (WizLab)
  A bush (WizLab)
  A butterfly (Lair:2)
  3 plants
  8 starspawn tentacles
  22 toadstools (WizLab)
2048 creatures vanquished.

Vanquished Creatures (collateral kills)
  2 greater nagas (Snake:5)
  A naga warrior (Snake:5)
  A naga ritualist (Snake:5)
  A raiju (Abyss:5)
  A starcursed mass (Abyss:5)
6 creatures vanquished.

Vanquished Creatures (others)
  A rakshasa (Vaults:1)
  A deep elf death mage (Elf:1)
  An ogre mage (D:15)
  A deep troll (Abyss:5)
  A necromancer (Elf:1)
  A basilisk (Lair:7)
  2 large abominations
  A hydra simulacrum (IceCv)
  An elf zombie (Elf:1)
  A small abomination (Abyss:3)
  2 lurking horrors
  5 fungi (Lair:8)
  15 plants
  8 starspawn tentacles (Abyss:5)
  120 starspawn tentacle segments
  A toadstool (WizLab)
162 creatures vanquished.

Grand Total: 2216 creatures vanquished

Notes
Turn   | Place    | Note
--------------------------------------------------------------
     0 | D:1      | Zapata, the Minotaur Berserker, began the quest for the Orb.
     0 | D:1      | Reached XP level 1. HP: 19/19 MP: 1/1
    45 | D:1      | Reached skill level 4 in Axes
   158 | D:1      | Reached XP level 2. HP: 24/26 MP: 1/1
   588 | D:2      | Acquired Trog's second power
   589 | D:2      | Reached skill level 5 in Axes
   590 | D:2      | Reached XP level 3. HP: 17/31 MP: 2/2
   873 | D:2      | Found a burning altar of Makhleb.
  1198 | D:2      | Reached skill level 6 in Axes
  1198 | D:2      | Reached XP level 4. HP: 36/39 MP: 2/2
  1597 | D:3      | Noticed Natasha
  1602 | D:3      | Killed Natasha
  1632 | D:3      | Noticed Sigmund
  1645 | D:3      | Killed Sigmund
  1645 | D:3      | Reached skill level 7 in Axes
  1645 | D:3      | Reached XP level 5. HP: 43/45 MP: 2/2
  1857 | D:3      | Found a glowing golden altar of the Shining One.
  1933 | D:3      | Noticed Natasha
  1940 | D:3      | Killed Natasha
  2013 | D:3      | Noticed Natasha
  2019 | D:3      | Killed Natasha
  2404 | D:4      | Reached skill level 8 in Axes
  2469 | D:4      | Noticed an ogre
  2477 | D:4      | Killed an ogre
  2477 | D:4      | Reached XP level 6. HP: 40/51 MP: 3/3
  2558 | D:4      | Found Skydioh's Assorted Antiques.
  2558 | D:4      | Noticed Edmund
  2571 | D:4      | Killed Edmund
  2571 | D:4      | Reached skill level 9 in Axes
  2632 | D:4      | Bought a yellow potion for 22 gold pieces
  2680 | D:4      | Reached XP level 7. HP: 54/57 MP: 3/3
  2683 | D:4      | Noticed Anothat's ghost (average GrFi)
  2689 | D:4      | Killed Anothat's ghost
  2689 | D:4      | Reached skill level 10 in Axes
  2851 | D:4      | Noticed an ogre
  2858 | D:4      | Killed an ogre
  2983 | D:5      | Entered Level 5 of the Dungeon
  3068 | D:5      | Reached skill level 11 in Axes
  3159 | D:5      | Found an iron altar of Okawaru.
  3177 | D:5      | Reached XP level 8. HP: 55/64 MP: 3/3
  3254 | D:5      | Found an ancient bone altar of Kikubaaqudgha.
  3324 | D:5      | Reached skill level 12 in Axes
  3606 | D:5      | Acquired Trog's third power
  3632 | D:5      | Found a deep blue altar of Sif Muna.
  3856 | D:5      | Found a shimmering altar of Xom.
  4248 | D:6      | Found a snail-covered altar of Cheibriados.
  4285 | D:6      | Found a stormy altar of Qazlal.
  4421 | D:6      | Found a bloodstained altar of Trog.
  4547 | D:6      | Reached skill level 13 in Axes
  4898 | D:6      | Found a white marble altar of Elyvilon.
  4967 | D:6      | Reached XP level 9. HP: 53/70 MP: 4/4
  5084 | D:6      | Reached skill level 14 in Axes
  5381 | D:7      | Found a staircase to the Ecumenical Temple.
  5677 | D:7      | Got a smoking rapier
  5678 | D:7      | Identified the +4 rapier of Foul Odors {venom, rF+ MR++ Str+3 Dex-3} (You found it on level 7 of the Dungeon)
  5895 | D:7      | Got an ancient short sword {venom}
  5896 | D:7      | Identified the +5 short sword of Wuagiat {venom, +Inv} (You took it off a goblin on level 7 of the Dungeon)
  5931 | D:7      | Found an opulent altar of Gozag.
  6047 | D:7      | Got a polished flail {antimagic}
  6048 | D:7      | Identified the +10 flail of Entrepreneurial Spirit {antimagic, +Inv Str+3} (You took it off a gnoll shaman on level 7 of the Dungeon)
  6628 | D:8      | Reached skill level 1 in Maces & Flails
  6949 | D:8      | Found a sand-covered staircase.
  6984 | Ossuary  | Entered an ossuary
  7005 | Ossuary  | Reached skill level 5 in Maces & Flails
  7265 | D:8      | Found a glowing silver altar of Zin.
  7335 | D:8      | Found a sacrificial altar of Ru.
  7882 | D:9      | Found Gop Muzu's Armour Emporium.
  7926 | D:9      | Received a gift from Trog
  8056 | D:9      | Reached XP level 10. HP: 48/77 MP: 1/4
  8174 | D:9      | Found a staircase to the Lair.
  8177 | D:9      | Noticed a komodo dragon
  8448 | D:10     | Entered Level 10 of the Dungeon
  8463 | D:10     | Noticed Zapata's ghost (powerful KoBe)
  8789 | D:10     | Killed Zapata's ghost
  8789 | D:10     | Reached skill level 10 in Maces & Flails
  8900 | D:10     | Killed an unseen horror
  9110 | D:10     | Found a staircase to the Orcish Mines.
  9292 | D:10     | Noticed a hill giant
  9303 | D:10     | Killed a hill giant
  9303 | D:10     | Reached skill level 5 in Fighting
  9656 | D:10     | Reached skill level 5 in Armour
  9941 | D:10     | Received a gift from Trog
 10091 | D:10     | Noticed a hill giant
 10100 | D:10     | Killed a hill giant
 10100 | D:10     | Reached XP level 11. HP: 62/91 MP: 1/4
 10130 | D:10     | Noticed Sonja
 10143 | D:10     | Killed Sonja
 10493 | D:11     | Noticed a hill giant
 10503 | D:11     | Killed a hill giant
 10856 | D:11     | Noticed Fannar
 10879 | D:11     | Killed Fannar
 11066 | D:11     | Noticed a three-headed hydra
 11076 | D:11     | Killed a three-headed hydra
 11437 | D:9      | Reached skill level 10 in Fighting
 11451 | D:9      | Received a gift from Trog
 11554 | Lair:1   | Entered Level 1 of the Lair of Beasts
 11579 | Lair:1   | Reached skill level 10 in Armour
 11999 | Lair:1   | Reached XP level 12. HP: 108/108 MP: 1/5
 12763 | Lair:2   | Received a gift from Trog
 12781 | Lair:2   | Found a labyrinth entrance.
 12810 | Lab      | Entered a labyrinth
 13276 | Lab      | Noticed a minotaur
 13283 | Lab      | Killed a minotaur
 13288 | Lab      | Got a dazzling leather armour
 13314 | Lair:2   | Identified the +2 leather armour "Trasiuz" {rN+ MR- Str+5 Slay+2} (You found it in a labyrinth)
 13605 | Lair:2   | Noticed a four-headed hydra
 13612 | Lair:2   | Killed a four-headed hydra
 14339 | Lair:3   | Found a staircase to the Snake Pit.
 14634 | Lair:3   | Noticed an eight-headed hydra
 14640 | Lair:3   | Killed an eight-headed hydra
 14775 | Lair:3   | Received a gift from Trog
 14848 | Lair:3   | Noticed a four-headed hydra
 14857 | Lair:3   | Killed a four-headed hydra
 15194 | D:9      | Killed a komodo dragon
 15236 | D:9      | Bought a +2 crystal plate armour for 1012 gold pieces
 15442 | Lair:4   | Noticed Snorg
 15455 | Lair:4   | Killed Snorg
 15455 | Lair:4   | Reached XP level 13. HP: 47/122 MP: 1/5
 15685 | Lair:4   | Noticed a catoblepas
 15697 | Lair:4   | Killed a catoblepas
 16276 | Lair:5   | Received a gift from Trog
 16330 | Lair:5   | Noticed Erica
 16339 | Lair:5   | Killed Erica
 16646 | Lair:5   | Found a staircase to the Snake Pit.
 16930 | Lair:5   | Found a staircase to the Shoals.
 17115 | Lair:5   | Got a crystal glaive
 17116 | Lair:5   | Identified the cursed -1 glaive "Kamon" {drain, +Inv rC+ Str-3} (You found it on level 5 of the Lair of Beasts)
 17411 | Lair:6   | Reached skill level 15 in Fighting
 17819 | Lair:6   | Received a gift from Trog
 17949 | Lair:6   | Noticed Rupert
 17958 | Lair:6   | Reached skill level 15 in Armour
 17980 | Lair:6   | Killed Rupert
 18644 | Lair:7   | Found a staircase to the Slime Pits.
 19230 | Lair:7   | Received a gift from Trog
 19575 | Lair:8   | Entered Level 8 of the Lair of Beasts
 19575 | Lair:8   | Found a shadowy altar of Dithmenos.
 19702 | Lair:8   | Reached XP level 14. HP: 136/136 MP: 1/5
 20029 | Lair:8   | Reached skill level 16 in Fighting
 20413 | Lair:8   | Received a gift from Trog
 20934 | Lair:8   | Reached skill level 5 in Dodging
 21080 | Lair:8   | Received a gift from Trog
 21905 | Orc:1    | Entered Level 1 of the Orcish Mines
 22168 | Orc:3    | Noticed Nergalle
 22197 | Orc:3    | Killed Nergalle
 22197 | Orc:3    | Reached skill level 15 in Axes
 22298 | Orc:3    | Received a gift from Trog
 22369 | Orc:3    | Noticed Nessos
 22379 | Orc:3    | Killed Nessos
 23106 | Orc:1    | Found a burning altar of Makhleb.
 23300 | Orc:4    | Entered Level 4 of the Orcish Mines
 23302 | Orc:4    | Received a gift from Trog
 23349 | Orc:4    | Noticed Gastronok
 23365 | Orc:4    | Killed Gastronok
 23539 | Orc:4    | Received a gift from Trog
 23831 | Orc:4    | Reached XP level 15. HP: 117/145 MP: 6/6
 23944 | Orc:4    | Found a roughly hewn altar of Beogh.
 24075 | Orc:4    | Found Orueqam's Jewellery Boutique.
 24094 | Orc:4    | Found Kuarit's Assorted Antiques.
 24110 | Orc:4    | Received a gift from Trog
 24119 | Orc:4    | Bought an encrusted onyx ring for 110 gold pieces
 24119 | Orc:4    | Bought a tourmaline ring for 110 gold pieces
 24119 | Orc:4    | Bought a scroll labeled OKUBIY MIDIE for 22 gold pieces
 24453 | Orc:4    | Found a staircase to the Elven Halls.
 24489 | Orc:4    | Found a roughly hewn altar of Beogh.
 24489 | Orc:4    | Noticed an orc warlord
 24501 | Orc:4    | Killed an orc warlord
 24749 | Orc:4    | Received a gift from Trog
 24766 | Orc:4    | Found Der Fiek's Food Boutique.
 24771 | Orc:4    | Reached skill level 17 in Axes
 25279 | Orc:4    | Received a gift from Trog
 25294 | Orc:4    | Found Jyoner's Jewellery Shop.
 25432 | Orc:4    | Bought the ring of Propriety {+cTele rN+ MR+ Str+4} for 752 gold pieces
 25664 | Orc:4    | Bought an uncursed ring of protection from fire for 250 gold pieces
 25729 | Orc:4    | Bought an uncursed ring of protection from cold for 325 gold pieces
 25800 | Elf:1    | Entered Level 1 of the Elven Halls
 25938 | Elf:1    | Reached skill level 18 in Axes
 25948 | Elf:1    | Found a magical portal.
 25967 | WizLab   | Entered Eringya's Formal Garden
 26008 | WizLab   | Noticed a thorn hunter
 26017 | WizLab   | Killed a thorn hunter
 26033 | WizLab   | Received a gift from Trog
 26428 | WizLab   | Found a blossoming altar of Fedhas.
 26428 | WizLab   | Noticed a thorn hunter
 26428 | WizLab   | Noticed a thorn hunter
 26434 | WizLab   | Killed a thorn hunter
 26434 | WizLab   | Reached skill level 19 in Axes
 26438 | WizLab   | Killed a thorn hunter
 26461 | WizLab   | Identified Fuinuzuomn's Advanced Guide to the Arcane Arts
 26761 | Elf:1    | Found Suffi's Antique Weapon Emporium.
 27019 | Elf:1    | Received a gift from Trog
 27118 | Elf:1    | Reached XP level 16. HP: 152/152 MP: 6/6
 27372 | Elf:1    | Reached skill level 20 in Axes
 27456 | Elf:1    | Noticed Maud
 27469 | Elf:1    | Killed Maud
 27961 | Elf:1    | Noticed a quicksilver dragon
 27961 | Elf:1    | a fire giant changed into a quicksilver dragon
 27963 | Elf:1    | a quicksilver dragon changed into an iron troll
 28283 | Elf:2    | Received a gift from Trog
 28484 | Elf:2    | Found a runed gate.
 28484 | Elf:2    | Found a runed gate.
 28484 | Elf:2    | Found a runed gate.
 29051 | Elf:2    | Reached skill level 21 in Axes
 29660 | Elf:3    | Entered Level 3 of the Elven Halls
 30500 | Lair:1   | Reached skill level 1 in Crossbows
 30655 | D:12     | Received a gift from Trog
 30670 | D:12     | Noticed Shiggs' ghost (powerful GrFi)
 30682 | D:12     | Killed Shiggs' ghost
 30789 | D:12     | Got a translucent ring mail
 30800 | D:12     | Identified the +0 ring mail "Riurelal" {rCorr MP-9 Str+5 Dex+6} (You found it on level 12 of the Dungeon)
 31065 | D:12     | Found Rauts' Serpentskin Sales.
 31158 | D:12     | Noticed Psyche
 31160 | D:12     | Killed Psyche
 31377 | D:13     | Reached skill level 5 in Crossbows
 32107 | D:14     | Found a gate to the Vaults.
 32117 | D:14     | Received a gift from Trog
 32141 | D:14     | Received a gift from Trog
 32692 | D:14     | Noticed Harold
 32729 | D:14     | Killed Harold
 32794 | D:14     | Noticed Urug
 32809 | D:14     | Killed Urug
 32915 | D:14     | Noticed Frances
 32923 | D:14     | Killed Frances
 32923 | D:14     | Received a gift from Trog
 33220 | D:15     | Entered Level 15 of the Dungeon
 33290 | D:15     | Found a glowing golden altar of the Shining One.
 33297 | D:15     | Noticed Josephine
 33310 | D:15     | Killed Josephine
 33325 | D:15     | Noticed Azrael
 33331 | D:15     | Reached XP level 17. HP: 142/160 MP: 6/6
 33335 | D:15     | Killed Azrael
 33335 | D:15     | Received a gift from Trog
 33470 | D:15     | Got an agate-studded ring mail
 33481 | D:15     | Identified the +5 ring mail of Tribab {rPois rF+ rC+ MP+9 Dex-4} (You found it on level 15 of the Dungeon)
 33504 | D:15     | Reached skill level 22 in Axes
 33523 | D:15     | Found a staircase to the Depths.
 33951 | Snake:1  | Entered Level 1 of the Snake Pit
 34106 | Snake:1  | Found a frozen archway.
 34322 | IceCv    | Entered an ice cave
 34346 | IceCv    | Received a gift from Trog
 34349 | IceCv    | Got a slimy arbalest {god gift}
 34350 | IceCv    | Identified the +4 arbalest of Dissolution {elec, +Inv rElec rC+} (Trog gifted it to you in an ice cave)
 35480 | IceCv    | Reached skill level 23 in Axes
 36218 | Snake:1  | Found Dessorhe's General Store.
 36502 | Snake:2  | Noticed Kirke
 36515 | Snake:2  | Killed Kirke
 36515 | Snake:2  | Received a gift from Trog
 36810 | Snake:2  | Noticed Aizul
 36819 | Snake:2  | Killed Aizul
 37400 | Snake:3  | Reached skill level 24 in Axes
 37614 | Snake:3  | Received a gift from Trog
 37779 | Snake:3  | Noticed Louise
 37797 | Snake:3  | Killed Louise
 38153 | Snake:3  | Reached XP level 18. HP: 161/168 MP: 7/7
 38162 | Snake:3  | Received a gift from Trog
 38165 | Snake:3  | Got an iridescent battleaxe {god gift}
 38170 | Snake:3  | Identified the +10 battleaxe of the Pill Bug {chop, rF+} (Trog gifted it to you on level 3 of the Snake Pit)
 39925 | Snake:4  | Received a gift from Trog
 40219 | Snake:5  | Entered Level 5 of the Snake Pit
 40253 | Snake:5  | Received a gift from Trog
 40778 | Snake:5  | Received a gift from Trog
 40840 | Snake:5  | Received a gift from Trog
 41186 | Snake:5  | Reached skill level 10 in Dodging
 41449 | Snake:5  | Received a gift from Trog
 41538 | Snake:5  | Received a gift from Trog
 41592 | Snake:5  | Reached XP level 19. HP: 50/179 MP: 7/7
 41609 | Snake:5  | Received a gift from Trog
 42416 | Snake:5  | Received a gift from Trog
 42707 | Snake:5  | Got a serpentine rune of Zot
 43154 | Lair:2   | Identified a +2 rod of ignition (9/9) (You found it on level 4 of the Snake Pit)
 43157 | Lair:2   | Identified a cursed +0 rod of shadows (12/12) (You found it on level 6 of the Dungeon)
 43349 | Vaults:1 | Entered Level 1 of the Vaults
 43355 | Vaults:1 | Received a gift from Trog
 43465 | Vaults:1 | Reached skill level 25 in Axes
 43936 | Vaults:1 | Found Mobutin's Assorted Antiques.
 43943 | Vaults:1 | Bought a silver wand for 120 gold pieces
 43943 | Vaults:1 | Bought a scroll labeled YRO MYVATAK for 30 gold pieces
 43943 | Vaults:1 | Bought a scroll of identify for 60 gold pieces
 44110 | Vaults:1 | Received a gift from Trog
 44464 | Vaults:1 | Noticed Donald
 44478 | Vaults:1 | Killed Donald
 44802 | Vaults:2 | Found an iron altar of Okawaru.
 44802 | Vaults:2 | Noticed Frederick
 44811 | Vaults:2 | Killed Frederick
 44967 | Vaults:2 | Found Olaurrao's Antique Armour Shoppe.
 44971 | Vaults:2 | Noticed Boris
 44982 | Vaults:2 | Killed Boris
 45010 | Vaults:2 | Received a gift from Trog
 45049 | Vaults:2 | Cast into the Abyss (a deep elf demonologist)
 45049 | Abyss:1  | Found a corrupted altar of Lugonu.
 45071 | Abyss:1  | Got a twisted mace
 45200 | Abyss:1  | Lost intelligence.
 45333 | Abyss:1  | Reached XP level 20. HP: 133/133 MP: 4/5
 45353 | Abyss:1  | Got a slimy ring mail
 45637 | Abyss:4  | Found a corrupted altar of Lugonu.
 45689 | Abyss:4  | Found a corrupted altar of Lugonu.
 45752 | Abyss:5  | Entered Level 5 of the Abyss
 45933 | Abyss:5  | Found a deep blue altar of Sif Muna.
 45979 | Abyss:5  | Received a gift from Trog
 45980 | Abyss:5  | Lost intelligence.
 46024 | Abyss:5  | Found a deep blue altar of Sif Muna.
 46031 | Abyss:5  | Received a gift from Trog
 46032 | Abyss:5  | Gained mutation: You tend to lose your temper in combat. [a neqoxec]
 46033 | Abyss:5  | Gained mutation: You occasionally shout uncontrollably at your foes. [a neqoxec]
 46092 | Abyss:5  | Found a deep blue altar of Sif Muna.
 46093 | Abyss:5  | Paralysed by accursed screaming for 2 turns
 46094 | Abyss:5  | Killed from afar by a raiju

Action                   |  1- 3 |  4- 6 |  7- 9 | 10-12 | 13-15 | 16-18 | 19-21 || total
-------------------------+-------+-------+-------+-------+-------+-------+-------++-------
Melee: Hand axe          |    77 |   115 |   325 |       |       |       |       ||   517
       Flail             |       |       |   129 |   730 |   683 |       |       ||  1542
       Executioner's axe |       |       |       |       |   715 |   799 |   427 ||  1941
       Battleaxe         |       |       |       |       |       |   434 |   117 ||   551
 Fire: Arbalest          |       |       |       |       |       |    19 |    28 ||    47
Invok: Berserk           |       |     3 |     5 |     7 |    18 |     9 |     4 ||    46
       Burn Spellbooks   |       |       |       |     1 |     6 |     7 |     4 ||    18
       Brothers in Arms  |       |       |       |       |       |     2 |     3 ||     5
       Trog's Hand       |       |       |       |       |       |       |     6 ||     6
Evoke: Wand              |       |       |       |       |       |       |     1 ||     1
  Use: Scroll            |       |     8 |     6 |     9 |    13 |     6 |     9 ||    51
       Potion            |       |       |     1 |       |     1 |     3 |     7 ||    12
 Stab: Sleeping          |       |       |     2 |       |       |       |       ||     2
       Distracted        |       |       |       |       |       |     1 |       ||     1
  Eat: Chunk             |     1 |     3 |     7 |    12 |    24 |    26 |    10 ||    83
       Bread ration      |       |     1 |     3 |     1 |     1 |     1 |       ||     7
       Meat ration       |       |       |     2 |     1 |     6 |     3 |     1 ||    13
       Royal jelly       |       |       |       |     1 |       |       |       ||     1
       Pizza             |       |       |       |       |       |     5 |     5 ||    10
